 Dungeon Crawl Stone Soup version 0.25-a0-464-g3004169c2b (webtiles) character file.

Game seed: 9564133472393079333, levelgen mode: deterministic

26 mopl the Ruffian (level 2, 4/23 HPs)
             Began as a Minotaur Transmuter on Feb 4, 2020.
             Quit the game on level 1 of the Dungeon.
             The game lasted 00:01:20 (574 turns).

mopl the Ruffian (Minotaur Transmuter)               Turns: 574, Time: 00:01:21

Health: 4/23       AC:  2    Str: 14    XL:     2   Next: 89%
Magic:  2/3        EV: 12    Int: 10    God:
Gold:   66         SH:  0    Dex: 10    Spells: 1/4 levels left

rFire    . . .     SeeInvis .     - Unarmed
rCold    . . .     Gourm    .   (no shield)
rNeg     . . .     Faith    .   b - +0 robe
rPois    .         Spirit   .   (helmet restricted)
rElec    .         Reflect  .   (no cloak)
rCorr    .         Harm     .   (no gloves)
MR       .....                  (no boots)
Stlth    +.........             (no amulet)
HPRegen  0.07/turn              (no ring)
MPRegen  0.08/turn              (no ring)

@: lethally poisoned (4 -> -2)
A: retaliatory headbutt, horns 2
a: no special abilities


You were on level 1 of the Dungeon.
You were not hungry.

You visited 1 branch of the dungeon, and saw 2 of its levels.

You collected 66 gold pieces.

Inventory:

Missiles
 a - 34 arrows
Armour
 b - a +0 robe (worn)
 g - a +0 large shield
Scrolls
 c - 2 scrolls of identify {unknown}
 h - 2 scrolls of noise {unknown}
 k - a scroll of enchant armour {unknown}
Potions
 e - a potion of might
Comestibles
 d - 2 rations
 j - 2 chunks of flesh


   Skills:
 - Level 1.2 Fighting
 - Level 2.1 Dodging
 + Level 3.5 Unarmed Combat
 * Level 1.8 Spellcasting
 * Level 2.1 Transmutations


You had one spell level left.
You knew the following spells:

 Your Spells              Type           Power        Failure   Level  Hunger
a - Beastly Appendage     Tmut           #.....       13%         1    ##.....
w - Sticks to Snakes      Tmut           #.......     21%         2    ###....

Your spell library contained the following spells:

 Spells                   Type           Power        Failure   Level  Hunger
 Spider Form              Tmut/Pois      #.........   52%         3    ####...
 Ice Form                 Ice/Tmut       #.......     90%         4    #####..
 Blade Hands              Tmut           #.........   98%         5    ######.


Dungeon Overview and Level Annotations

Branches:
Dungeon (2/15)

Altars:

Annotations:
D:2 Natasha


Innate Abilities, Weirdness & Mutations

You reflexively headbutt those who attack you in melee.
You have a pair of horns on your head.


Message History

* * * LOW HITPOINT WARNING * * *
You are lethally poisoned!
The adder poisons you!
You completely miss the adder.
The adder is heavily wounded.
* * * LOW HITPOINT WARNING * * *
You feel sick. The adder misses you.
You hit the adder.
You kill the adder!
It was a potion of might.
You feel very mighty all of a sudden.
* * * LOW HITPOINT WARNING * * *
You feel sick.
It was a potion of haste.
You feel yourself speed up.
It was a potion of cancellation.
Your magical effects are unravelling.
You feel magically purged.
Your talons disappear.
You feel yourself slow down.
You feel a little less mighty now.
Are you sure you want to abandon this character and quit the game? (Confirm with "yes".)

......##...........#
......##...........#
...................##
...............(....#
..#.........#..#..#.##
.^#.........##.#.....#
..#.........##......##
..#.........###..##.###
..#.........# #.@##.#.#
..#.........# ##....#.#
..#.........# #.####.#
..#.........# #......#
..#.........# #..#####
###.........# #..#
########### #..# #..#
######..#


There were no monsters in sight!

Vanquished Creatures
  An adder (D:1)
  A leopard gecko (D:1)
  A giant cockroach (D:2)
  3 goblins
  2 hobgoblins
  A quokka (D:2)
  A bat (D:1)
  A frilled lizard (D:1)
  6 rats
17 creatures vanquished.

Notes
Turn   | Place    | Note
-------+----------+-------------------------------------------
     0 | D:1      | mopl the Minotaur Transmuter began the quest for the Orb.
     0 | D:1      | Reached XP level 1. HP: 16/16 MP: 1/1
   288 | D:1      | Reached XP level 2. HP: 17/23 MP: 1/3
   292 | D:1      | Learned a level 2 spell: Sticks to Snakes
   525 | D:2      | Reached skill level 2 in Transmutations
   551 | D:2      | Noticed Natasha
   574 | D:1      | Quit the game

Levels and vault maps discovered:
D:1:      dpeg_arrival_windows_large_door, layout_basic
D:2:      layout_basic, first_ration, interstate_on_off, uniq_jessica,
          uniq_natasha

Skill      XL: |  1  2 |
---------------+-------+-----
Transmutations | 2 |  2.1
Fighting       | |  1.2
Dodging        | |  2.1
Unarmed Combat | |  3.5
Spellcasting   | |  1.8

Action                   || total
-------------------------++-------
Melee: Unarmed           ||    39
       Headbutt          ||     5
       Kick              ||     1
 Cast: Beastly Appendage ||     7
  Use: Potion            ||     3
Armor: Robe              ||     6
Dodge: Dodged            ||    22

Table legend:
 A = Non-vault XP
 B = Vault XP
 C = Vault XP percentage of total XP
 D = Non-vault monster count
 E = Vault monster count
 F = Vault count percentage of total count
                 A         B        C        D         E       F
            +---------+---------+-------+---------+---------+-------
      Total |      38 |       0 |   0.0 |      17 |       0 |   0.0
            +---------+---------+-------+---------+---------+-------
        D:1 |      29 |       0 |   0.0 |      12 |       0 |   0.0
        D:2 |       9 |       0 |   0.0 |       5 |       0 |   0.0
            +---------+---------+-------+---------+---------+-------
